 Dungeon Crawl Stone Soup version 0.22-a0-469-gf26638a (webtiles) character file.

224948 DrEnzyme the Black Belt (level 19, -6/172 HPs)
             Began as an Octopode Wanderer on June 9, 2018.
             Was an Initiate of Gozag.
             Hit by a large rock thrown by a stone giant (57 damage)
             ... on level 1 of the Depths on June 10, 2018.
             The game lasted 05:23:33 (53119 turns).

DrEnzyme the Black Belt (Octopode Wanderer)        Turns: 53119, Time: 05:23:34

Health: -6/172     AC: 12    Str: 18    XL:     19   Next: 31%
Magic:  34/40      EV: 28    Int: 17    God:    Gozag
Gold:   1042       SH:  2    Dex: 24    Spells: 6/34 levels left

rFire    + . .     SeeInvis +     - Unarmed
rCold    + + +     Gourm    .   (shield currently unavailable)
rNeg     . . .     Faith    .   (helmet currently unavailable)
rPois    +         Spirit   .   C - amulet "Fetodich" {Reflect rF+ SH+2 SInv Stlth+}
rElec    .         Reflect  +   o - +3 ring of protection
rCorr    .         Harm     .   b - +4 ring of dexterity
MR       +....                  z - +5 ring of dexterity
Stlth    +++.......             A - +3 ring of protection
HPRegen  0.38/turn              N - ring of protection from fire
MPRegen  0.27/turn              E - ring of magical power
                                x - ring of Phasing {EV+8}
                                e - ring "Jyhatazu" {Wiz Str+3}

@: ice-form, shrouded, gold aura, studying Spellcasting, drained
A: large, almost no armour, stealthy swim, amphibious, 8 rings, (constrict 8),
blink, clever 1
}: 1/15 runes: gossamer
a: End Transformation, Blink, Potion Petition, Call Merchant, Bribe Branch,
Renounce Religion


You were on level 1 of the Depths.
You worshipped Gozag.
Gozag was most pleased with you.
You were not hungry.
You were a creature of crystalline ice.
You visited 9 branches of the dungeon, and saw 35 of its levels.
You visited the Abyss 2 times.

You collected 12438 gold pieces.
You spent 3060 gold pieces at shops.
You paid 8336 gold pieces to Gozag.

Inventory:

Hand Weapons
 a - the +1 shortbow of Doic {venom, rN+}
   (You found it on level 10 of the Dungeon)

   It poisons the ammo it fires.
   It protects you from negative energy.
Missiles
 l - 9 javelins (quivered)
 O - 844 arrows
 R - a throwing net
Armour
 s - a +1 buckler
 F - a +2 hat (melded)
Magical Staves
 U - an uncursed staff of wizardry
Jewellery
 b - a +4 ring of dexterity (right front paw)
 e - the ring "Jyhatazu" (on tentacle) {Wiz Str+3}
   (You acquired it on level 14 of the Dungeon)

   [ring of wizardry]

   It improves your spell success rate.
   It affects your strength (+3).
 m - the amulet of the Four Winds {rN+ MR+++ Clar}
   (You bought it in a shop on level 8 of the Dungeon)

   [amulet of nothing]

   It protects you from negative energy.
   It affects your resistance to hostile enchantments.
   It protects you against confusion.
 o - a +3 ring of protection (left front paw)
 t - an uncursed ring of protection from magic
 x - the ring of Phasing (on tentacle) {EV+8}
   (You bought it in a shop on level 8 of the Dungeon)

   [ring of evasion]

   It affects your evasion (+8).
 z - a +5 ring of dexterity (on tentacle)
 A - a +3 ring of protection (on tentacle)
 C - the amulet "Fetodich" (around neck) {Reflect rF+ SH+2 SInv Stlth+}
   (You took it off a centaur on level 10 of the Dungeon)

   [amulet of reflection]

   It shields you and reflects attacks.
   It protects you from fire.
   It lets you see invisible.
   It affects your SH (+2).
   It makes you more stealthy.
 E - a ring of magical power (on tentacle)
 N - a ring of protection from fire (on tentacle)
 P - an uncursed ring of flight
Wands
 k - a wand of flame (26)
 p - a wand of polymorph (26)
 q - a wand of disintegration (12)
 y - a wand of enslavement (16)
 B - a wand of paralysis (53)
 G - a wand of digging (5)
 I - a wand of iceblast (17)
 L - a wand of acid (16)
 T - a wand of random effects (9)
Scrolls
 c - a scroll of magic mapping
 d - 2 scrolls of amnesia
 h - a scroll of blinking
 i - 6 scrolls of identify
 r - 2 scrolls of holy word {unknown}
 u - 13 scrolls of remove curse
 D - a scroll of enchant weapon
 H - a scroll of summoning
 J - 2 scrolls of teleportation
 Q - 3 scrolls of fog
 S - a scroll of fear
Potions
 g - 2 potions of agility
 j - 3 potions of brilliance
 n - 2 potions of curing
 v - a potion of flight
 w - a potion of mutation
 K - 2 potions of resistance
 M - 3 potions of ambrosia
 V - a potion of might
Books
 W - a manual of Spellcasting
Miscellaneous
 X - a lightning rod (4/4)
Comestibles
 f - a ration


   Skills:
 + Level 17.1(16.3) Fighting
 - Level 14.0(13.2) Bows
 + Level 12.0(11.3) Dodging
 - Level 1.3(0.8) Stealth
 - Level 10.0(9.3) Shields
 + Level 17.1(16.4) Unarmed Combat
 + Level 8.2(7.5) Spellcasting
 - Level 5.3(4.7) Necromancy
 - Level 7.0(6.4) Transmutations
 - Level 1.0(0.5) Ice Magic
 - Level 8.0(7.3) Poison Magic
 - Level 10.0(9.3) Evocations


You had 6 spell levels left.
You knew the following spells:

 Your Spells              Type           Power        Failure   Level  Hunger
a - Poisonous Vapours     Pois/Air       ###...       1%          2    None
b - Summon Butterflies    Summ           #.......     4%          1    None
c - Regeneration          Chrm/Necr      ##........   4%          3    ##.....
d - Mephitic Cloud        Conj/Pois/Air  ##......     4%          3    ##.....
e - Olgreb's Toxic Radia  Pois           ####....     2%          4    ####...
f - Swiftness             Chrm/Air       #.......     7%          2    None
g - Apportation           Tloc           #.....       4%          1    None
h - Alistair's Intoxicat  Tmut/Pois      ####....     8%          5    #####..
i - Ice Form              Ice/Tmut       ###.....     11%         4    ####...
j - Shroud of Golubria    Chrm/Tloc      #.........   7%          2    None
k - Confusing Touch       Hex            #.....       4%          1    None

Your spell library contained the following spells:

 Spells                   Type           Power        Failure   Level  Hunger
 Conjure Flame            Conj/Fire      #.......     13%         3    ##.....
 Bolt of Cold             Conj/Ice       #.........   99%         6    #######
 Lightning Bolt           Conj/Air       #.........   73%         5    #####..
 Bolt of Magma            Conj/Fire/Erth #.........   73%         5    #####..
 Invisibility             Hex            #.......     99%         6    #######
 Throw Frost              Conj/Ice       #.....       6%          2    None
 Freezing Cloud           Conj/Ice/Air   #.........   99%         6    #######
 Ring of Flames           Chrm/Fire      #.........   100%        7    #######
 Venom Bolt               Conj/Pois      ###.......   26%         5    #####..
 Summon Small Mammal      Summ           #...         4%          1    None
 Animate Skeleton         Necr           N/A          1%          1    None
 Freeze                   Ice            #...         3%          1    None
 Ozocubu's Refrigeration  Ice            #.........   99%         6    #######
 Summon Ice Beast         Ice/Summ       #.......     36%         4    ####...
 Ozocubu's Armour         Chrm/Ice       #.......     12%         3    ##.....
 Sting                    Conj/Pois      ###.         1%          1    None
 Tukima's Dance           Hex            #.......     13%         3    ##.....
 Iron Shot                Conj/Erth      #.........   99%         6    #######
 Shock                    Conj/Air       #...         4%          1    None
 Statue Form              Tmut/Erth      ###......    85%         6    #######
 Throw Icicle             Conj/Ice       #.......     36%         4    ####...
 Airstrike                Air            #.........   38%         4    ####...
 Passwall                 Tmut/Erth      ###.....     1%          2    None
 Call Canine Familiar     Summ           #.......     13%         3    ##.....
 Metabolic Englaciation   Hex/Ice        #.........   69%         5    #####..
 Shatter                  Erth           #.........   100%        9    #######
 Static Discharge         Conj/Air       #.......     13%         3    ##.....
 Lee's Rapid Deconstruct  Erth           #.........   73%         5    #####..
 Simulacrum               Ice/Necr       ###.......   89%         6    #######
 Passage of Golubria      Tloc           N/A          38%         4    ####...
 Leda's Liquefaction      Hex/Erth       #.........   38%         4    ####...
 Summon Hydra             Summ           #.........   100%        7    #######
 Darkness                 Hex            #.........   99%         6    #######
 Infusion                 Chrm           #...         4%          1    None
 Song of Slaying          Chrm           #.......     7%          2    None
 Spectral Weapon          Hex/Chrm       #.......     13%         3    ##.....
 Summon Guardian Golem    Hex/Summ       #.......     13%         3    ##.....
 Summon Mana Viper        Hex/Summ       #.......     73%         5    #####..
 Lesser Beckoning         Tloc           #.........   13%         3    ##.....


Dungeon Overview and Level Annotations

Branches:
Dungeon (15/15)            Temple (1/1) D:4            Lair (6/6) D:8
 Shoals (2/4) Lair:3       Spider (4/4) Lair:3        Slime (0/5) Lair:5
    Orc (2/2) D:12            Elf (3/3) Orc:2        Vaults (1/5) D:14
 Depths (1/5) D:15

Altars:
Ashenzari
Cheibriados
Dithmenos
Elyvilon
Fedhas
Gozag
Hepliaklqana
Kikubaaqudgha
Makhleb
Nemelex Xobeh
Okawaru
Qazlal
Ru
Sif Muna
Trog
Uskayaw
Vehumet
Wu Jian
Xom
Yredelemnul
Zin
The Shining One
Beogh

Shops:
D:6 *=   D:8 ?=%   D:11 [   Orc:2 (!}!   Elf:1 *   Elf:3 :   Depths:1 [*

Portals:
Trove: Depths:1 (give +5 demon blade)

Annotations:
D:5 exclusion: downstairs
D:6 exclusion: downstairs
D:7 bombasticus's ghost, novice GrFi
D:9 exclusion: 2 downstairs
D:11 4 runed doors
D:12 ShrewdGherkins's ghost, journeyman GrFi
D:13 exclusion: downstairs
Lair:3 exclusion: hydra
Lair:5 exclusion: 2 downstairs
Lair:6 exclusion: hydra, Nessos; Rupert
Shoals:1 2 transporters, DemiseSR's ghost, adept DDFi
Spider:1 exclusion: downstairs
Spider:2 Nikola
Orc:1 exclusion: downstairs
Elf:1 1 runed door
Elf:2 3 runed doors, exclusion: 3 doors


Innate Abilities, Weirdness & Mutations

You cannot wear most types of armour.
You are very stealthy in the water. (Stealth+)
You are amphibious.
You can wear up to eight rings at the same time.
((You can use your tentacles to constrict eight enemies at once.))
((Your skin changes colour to match your surroundings (Stealth+).))
((Your rubbery body absorbs attacks. (AC +1, EV +1)))
((One of your tentacles bears a spike.))
((You are partially covered in thin metallic scales. (AC +2)))
You can translocate small distances at will.
Your mind is acute. (Int +2)


Message History

The vampire mage casts a spell at you. The bolt of negative energy misses you.
You punch the vampire mage! You freeze the vampire mage.
The vampire mage is almost destroyed.
The stone giant throws a large rock.
The large rock misses you.
The large rock barely misses the vampire mage.
The vampire mage points at you and mumbles some strange words.
The bolt of negative energy hits you!
You feel drained.
You barely miss the vampire mage.
The vampire mage is almost destroyed.
The stone giant throws a large rock.
The large rock hits you!!
* * * LOW HITPOINT WARNING * * *
You punch the vampire mage!
You destroy the vampire mage!
Casting: Shroud of Golubria (safe; 7% risk of failure)
Confirm with . or Enter, or press ? or * to list all spells.
You renew your shroud.
The stone giant throws a large rock.
The large rock hits you!!!
You die...
Your body crumbles into a pile of gold.

....[.....≈≈..#**.........**,,,,,
≈≈≈.≈≈≈≈.....####.........,*,,≈,,
≈≈...≈≈≈≈≈.####.##...:.....*,,≈≈≈
...8....≈≈≈.##.............,,,≈≈≈
......♣..≈≈≈...............,,,,,,
..........≈≈≈.........#....,,,,≈≈
........♣.8≈≈≈.............,,*,,,
...∩........♣≈..$^....##...***,,,
8#####8.........Y$.........,***,*
##$$S#####.......$.........,*****
#$$$$$#*8##.8.....##.#...##,,** *
$$$$$$$+,,+.......#,.....#*,,,**
$$$_$$$+,,+........,..#...#*,,,*
$$S$$$$+,,+.......#...#,...,,,,*
#$$$$$**8*#.8...C..###.,,..,,,**
##$$$****#..........,,..,,#****
8####*8,,...........,,..,,,*


You could see a stone giant.

Vanquished Creatures
  2 sphinxes
  A fire giant (Depths:1)
  3 ghost moths
  A deep elf sorcerer (Elf:2)
  A frost giant (Depths:1)
  6 emperor scorpions
  4 very ugly things
  A vampire knight (Depths:1)
  2 entropy weavers (Spider:3)
  A dire elephant (D:15)
  Azrael (Spider:2)
  Snorg (D:13)
  A yaktaur captain (D:14)
  7 ogre magi
  A great orb of eyes (Depths:1)
  Harold (D:11)
  The ghost of Wanace the Spear-Bearer, a journeyman DrBe of Trog (Lair:1)
  Erolcha (D:10)
  3 hydras
  2 merfolk avatars (Shoals:1)
  15 two-headed ogres
  2 deep troll shamans (Depths:1)
  9 centaur warriors
  2 tengu warriors (D:14)
  A vampire mage (Depths:1)
  2 thrashing horrors (Abyss:3)
  An orc high priest (Elf:1)
  9 deep elf knights (Elf:1)
  Nergalle (Lair:1)
  An iron troll (D:14)
  3 unseen horrors
  3 deep trolls (Depths:1)
  2 sea snakes (Shoals:1)
  A skeletal warrior (D:10)
  A lindwurm (D:14)
  A wizard (Depths:1)
  18 deep elf archers
  2 phantasmal warriors (Depths:1)
  A wolf spider zombie (D:12)
  2 orc knights
  52 deep elf magi
  Pikel (D:7)
  34 wolf spiders
  8 orc sorcerers (Orc:2)
  26 orb spiders
  5 harpies (Shoals:1)
  6 ugly things
  A salamander (D:15)
  2 moths of wrath
  4 cyclopes
  A faun (Shoals:1)
  7 black mambas
  2 merfolk sirens (Lair:3)
  A guardian serpent (Abyss:3)
  A torpor snail (Lair:3)
  A smoke demon (Abyss:3)
  A centaur skeleton (D:13)
  A rime drake (Lair:4)
  4 gargoyles
  21 spiny frogs
  20 demonic crawlers
  A tengu conjurer (Depths:1)
  9 komodo dragons
  2 efreet (D:15)
  2 kobold demonologists
  A freezing wraith (D:14)
  34 jumping spiders
  10 trolls
  A meliai (shapeshifter) (Depths:1)
  3 merfolk
  A meliai (D:10)
  4 hornets
  The ghost of RedSky the Firebug, an amateur DrFE of Vehumet (D:5)
  A dream sheep (Lair:5)
  40 blink frogs
  A snapping turtle (Shoals:1)
  10 hippogriffs
  100 redbacks
  A ynoxinul (Abyss:3)
  7 water elementals
  29 tarantellas
  4 air elementals
  2 wyverns
  A large abomination (Abyss:3)
  4 fire elementals
  2 shadows
  2 vampires (Abyss:3)
  44 yaks
  Eustachio (D:6)
  9 vampire mosquitoes
  A steam dragon (D:12)
  2 basilisks
  A hungry ghost (D:13)
  7 wargs
  2 insubstantial wisps (D:12)
  Edmund (D:4)
  A soldier ant (D:15)
  Duvessa (D:6)
  11 water moccasins
  9 porcupines
  3 hell hounds (Spider:2)
  24 orc warriors
  2 black bears
  9 sky beasts
  2 eyes of draining
  2 phantoms
  3 ice beasts
  7 wolves
  A necrophage (D:9)
  14 ogres
  13 centaurs
  16 crocodiles
  3 big kobolds
  Blork the orc (D:15)
  29 bullfrogs
  An earth elemental (Elf:1)
  4 scorpions
  Dowan (D:6)
  4 killer bees (D:9)
  7 electric eels
  2 crimson imps
  3 small abominations (Abyss:3)
  5 centaur zombies
  15 jellies
  3 bullfrog skeletons
  13 hounds
  An iron imp (D:7)
  13 orc priests
  32 orc wizards
  A gnoll shaman (D:6)
  Terence (D:3)
  6 iguanas
  8 worker ants
  A killer bee zombie (D:10)
  A hound zombie (D:7)
  A hound skeleton (D:6)
  A howler monkey zombie (D:10)
  2 worker ant zombies
  A howler monkey skeleton (D:5)
  9 gnolls
  12 adders
  3 shadow imps
  A white imp (Abyss:3)
  2 oozes
  2 adder skeletons
  A worm (D:2)
  5 dart slugs
  3 leopard geckos
  82 orcs
  4 ball pythons
  3 giant cockroaches
  13 goblins
  4 hobgoblins
  11 jackals
  7 quokkas
  7 bats
  7 frilled lizards
  A jackal zombie (D:5)
  20 kobolds
  6 rats
  A fungus (Lair:6)
  2 plants
  A withered plant (D:2)
1143 creatures vanquished.

Vanquished Creatures (others)
  19 dancing weapons
  A deep elf knight (Elf:1)
  A wolf spider (Spider:4)
  A cyclops (D:10)
  A hippogriff (D:10)
  A water elemental (Elf:1)
  A fire elemental (Elf:1)
  A black bear (D:7)
  32 fungi
  86 plants
  5 starspawn tentacles (Abyss:3)
  A withered plant (D:2)
150 creatures vanquished.

Grand Total: 1293 creatures vanquished

Notes
Turn   | Place    | Note
-------+----------+-------------------------------------------
     0 | D:1      | DrEnzyme the Octopode Wanderer began the quest for the Orb.
     0 | D:1      | DrEnzyme set off with: a +0 club, a ration
     0 | D:1      | Reached XP level 1. HP: 11/11 MP: 7/7
     5 | D:1      | Learned a level 1 spell: Sting
     7 | D:1      | Learned a level 1 spell: Summon Butterflies
   176 | D:1      | Reached XP level 2. HP: 18/18 MP: 9/9
   357 | D:1      | Reached skill level 1 in Fighting
   368 | D:1      | Reached skill level 1 in Dodging
   368 | D:1      | Reached skill level 1 in Unarmed Combat
   521 | D:1      | Reached XP level 3. HP: 23/23 MP: 10/10
   654 | D:1      | Learned a level 2 spell: Poisonous Vapours
   658 | D:1      | Learned a level 3 spell: Mephitic Cloud
  1190 | D:2      | Reached XP level 4. HP: 29/29 MP: 6/12
  1519 | D:2      | Found an ancient bone altar of Kikubaaqudgha.
  1519 | D:2      | Found a blossoming altar of Fedhas.
  2115 | D:3      | Reached XP level 5. HP: 34/34 MP: 10/13
  2248 | D:3      | Noticed Terence
  2261 | D:3      | Killed Terence
  2410 | D:2      | Learned a level 4 spell: Olgreb's Toxic Radiance
  2931 | D:3      | Found a hazy altar of Hepliaklqana.
  2932 | D:3      | Found a white marble altar of Elyvilon.
  3063 | D:3      | Reached XP level 6. HP: 31/41 MP: 5/15
  3368 | D:4      | Noticed Edmund
  3492 | D:4      | Killed Edmund
  3492 | D:4      | Reached XP level 7. HP: 25/46 MP: 2/16
  3669 | D:4      | Found a staircase to the Ecumenical Temple.
  3704 | Temple   | Entered the Ecumenical Temple
  3791 | Temple   | Became a worshipper of Gozag Ym Sagoz the Greedy
  4622 | D:5      | Entered Level 5 of the Dungeon
  4724 | D:5      | Found a sparkling altar of Nemelex Xobeh.
  5058 | D:5      | Reached skill level 5 in Poison Magic
  5097 | D:5      | Noticed RedSky's ghost (amateur DrFE)
  5404 | D:6      | Noticed Eustachio
  5411 | D:6      | Noticed Duvessa
  5413 | D:6      | Noticed Dowan
  5473 | D:6      | Reached XP level 8. HP: 33/54 MP: 11/17
  5824 | D:6      | Killed Dowan
  6300 | D:6      | Killed Eustachio
  6311 | D:6      | Reached skill level 5 in Unarmed Combat
  6332 | D:6      | Reached skill level 5 in Fighting
  6363 | D:6      | Reached skill level 5 in Dodging
  6547 | D:6      | Found Diepsul's Hallowed Reliquary.
  6548 | D:6      | Found a white marble altar of Elyvilon.
  6548 | D:6      | Found Fuomel's Jewellery Boutique.
  6548 | D:6      | Noticed an angel
  6679 | D:6      | Killed Duvessa
  6880 | D:7      | Noticed bombasticus's ghost (novice GrFi)
  6888 | D:7      | Noticed a hippogriff
  6926 | D:6      | Killed a hippogriff
  6926 | D:6      | Reached XP level 9. HP: 55/61 MP: 7/18
  8135 | D:8      | Noticed a two-headed ogre
  8180 | D:8      | Killed a two-headed ogre
  8180 | D:8      | Reached XP level 10. HP: 71/71 MP: 2/19
  8697 | D:8      | Found a staircase to the Lair.
  8862 | D:8      | Noticed a two-headed ogre
  8908 | D:8      | Killed a two-headed ogre
 10246 | D:10     | Entered Level 10 of the Dungeon
 10301 | D:10     | Noticed a two-headed ogre
 10312 | D:10     | Noticed a centaur warrior
 10360 | D:10     | Killed a centaur warrior
 10360 | D:10     | Reached XP level 11. HP: 31/78 MP: 9/20
 10588 | D:10     | Noticed a two-headed ogre
 10593 | D:10     | Noticed Erolcha
 10800 | D:10     | Noticed a cyclops
 11231 | Lair:1   | Entered Level 1 of the Lair of Beasts
 11381 | Lair:1   | Noticed Wanace's ghost (journeyman DrBe)
 11413 | D:8      | Learned a level 2 spell: Swiftness
 11609 | D:5      | Killed RedSky's ghost
 11773 | D:7      | Noticed Pikel
 11959 | D:10     | Got a sparkling bone amulet
 11964 | D:10     | Identified the amulet "Fetodich" {Reflect rF+ SH+2 SInv Stlth+} (You took it off a centaur on level 10 of the Dungeon)
 11983 | D:10     | Noticed an unseen horror
 12030 | D:10     | Killed a cyclops
 12194 | D:10     | Noticed an orc knight
 12214 | D:10     | Killed an unseen horror
 12214 | D:10     | Reached skill level 5 in Shields
 12226 | D:10     | Killed an orc knight
 12436 | D:10     | Upgraded the game from 0.22-a0-460-g49b1da7 to 0.22-a0-467-g5c5de1c
 12489 | D:10     | Noticed an ogre mage
 12508 | D:10     | Killed an ogre mage
 12623 | D:10     | Noticed a skeletal warrior
 12644 | D:10     | Noticed a two-headed ogre
 12664 | D:10     | Killed a two-headed ogre
 12724 | D:10     | Got a crystal shortbow
 12959 | D:10     | Paralysed by an orc warrior for 6 turns
 13074 | D:10     | Killed a two-headed ogre
 13112 | D:10     | Killed a two-headed ogre
 13112 | D:10     | Reached skill level 10 in Fighting
 13112 | D:10     | Reached skill level 10 in Unarmed Combat
 13112 | D:10     | Reached XP level 12. HP: 86/87 MP: 4/21
 13228 | D:10     | Identified the cursed +1 shortbow of Doic {venom, rN+} (You found it on level 10 of the Dungeon)
 13323 | D:10     | Killed Erolcha
 13920 | D:11     | Found a stormy altar of Qazlal.
 14002 | D:11     | Noticed a two-headed ogre
 14052 | D:11     | Killed a two-headed ogre
 14362 | D:11     | Found a huge runed gate.
 14363 | D:11     | Found a huge runed gate.
 14363 | D:11     | Found a huge runed gate.
 14363 | D:11     | Found a huge runed gate.
 14398 | D:11     | Noticed Harold
 14414 | D:11     | Killed Harold
 14613 | D:11     | Found Geus's Antique Armour Emporium.
 14985 | D:12     | Noticed a two-headed ogre
 15000 | D:12     | Killed a two-headed ogre
 15160 | D:12     | Found a staircase to the Orcish Mines.
 15301 | D:12     | Learned a level 1 spell: Apportation
 15307 | D:12     | Learned a level 5 spell: Alistair's Intoxication
 15359 | D:12     | Reached skill level 5 in Bows
 16027 | D:12     | Noticed a yaktaur captain
 16047 | D:12     | Noticed a catoblepas
 16047 | D:12     | Noticed an alligator
 16050 | D:12     | Noticed an ice dragon
 16050 | D:12     | an alligator changed into an ice dragon
 16055 | D:12     | Noticed an alligator
 16059 | D:12     | an alligator changed into a tyrant leech
 16081 | D:12     | Noticed a storm dragon
 16081 | D:12     | Noticed a death yak
 16081 | D:12     | a storm dragon changed into a death yak
 16083 | D:12     | Noticed an entropy weaver
 16083 | D:12     | a death yak changed into an entropy weaver
 16084 | D:12     | Noticed an ice dragon
 16084 | D:12     | an entropy weaver changed into an ice dragon
 16089 | D:12     | Noticed a great orb of eyes
 16089 | D:12     | an ice dragon changed into a great orb of eyes
 16303 | D:12     | Noticed ShrewdGherkins's ghost (journeyman GrFi)
 16484 | D:7      | Killed Pikel
 16601 | D:7      | Found a snail-covered altar of Cheibriados.
 16722 | Lair:1   | Noticed Nergalle
 17154 | Lair:1   | Reached XP level 13. HP: 95/95 MP: 22/22
 17914 | Lair:2   | Found a shimmering altar of Xom.
 18789 | Lair:3   | Found a staircase to the Shoals.
 20152 | Lair:3   | Found a hole to the Spider Nest.
 20829 | Lair:4   | Reached skill level 10 in Bows
 21485 | Lair:5   | Reached XP level 14. HP: 81/103 MP: 15/23
 21843 | Lair:5   | Found a staircase to the Slime Pits.
 22667 | Lair:6   | Entered Level 6 of the Lair of Beasts
 22674 | Lair:6   | Reached skill level 10 in Shields
 22825 | Lair:6   | Reached skill level 1 in Evocations
 23508 | Lair:6   | Noticed Rupert
 24141 | Lair:6   | Noticed Nessos
 24634 | D:8      | Bought a scroll of identify for 40 gold pieces
 24634 | D:8      | Bought a scroll of identify for 40 gold pieces
 24634 | D:8      | Bought a scroll of teleportation for 60 gold pieces
 24634 | D:8      | Bought a scroll of identify for 40 gold pieces
 24634 | D:8      | Bought a scroll of teleportation for 60 gold pieces
 24756 | Orc:1    | Entered Level 1 of the Orcish Mines
 25503 | Orc:2    | Entered Level 2 of the Orcish Mines
 25955 | Orc:2    | Found a staircase to the Elven Halls.
 26496 | Orc:2    | Found a shimmering altar of Xom.
 26916 | Orc:2    | Found Iplaeb's Gadget Emporium.
 27014 | Orc:2    | Found an ancient bone altar of Kikubaaqudgha.
 27051 | Orc:2    | Found a radiant altar of Vehumet.
 27148 | Orc:2    | Reached skill level 5 in Evocations
 27415 | Orc:2    | Found a roughly hewn altar of Beogh.
 27415 | Orc:2    | Found Odycw's Distillery.
 27416 | Orc:2    | Found Tehik's Antique Weapon Emporium.
 27441 | Orc:2    | Found Teotear's Distillery.
 28153 | D:8      | Bought the ring of Phasing {EV+8} for 1408 gold pieces
 28153 | D:8      | Found the ring of Phasing {EV+8}
 28386 | D:12     | Reached XP level 15. HP: 47/110 MP: 13/24
 29122 | D:13     | Noticed Snorg
 29138 | D:13     | Killed Snorg
 31182 | D:14     | Identified a scroll of acquirement
 31186 | D:14     | Got a crude steel ring
 31187 | D:14     | Identified the ring "Jyhatazu" {Wiz Str+3} (You acquired it on level 14 of the Dungeon)
 31481 | D:14     | Reached skill level 1 in Transmutations
 31739 | Lair:1   | Killed Nergalle
 32245 | D:8      | Gained mutation: One of your tentacles bears a spike. [potion of mutation]
 32245 | D:8      | Gained mutation: Your mind is acute. (Int +2) [potion of mutation]
 32245 | D:8      | Gained mutation: You are partially covered in thin metallic scales. (AC +2) [potion of mutation]
 32245 | D:8      | Gained mutation: You can translocate small distances at will. [potion of mutation]
 32271 | Lair:1   | Killed Wanace's ghost
 32340 | Spider:1 | Entered Level 1 of the Spider Nest
 32502 | Shoals:1 | Entered Level 1 of the Shoals
 32502 | Shoals:1 | Found a transporter.
 32605 | D:8      | Bought a ration for 70 gold pieces
 32801 | Shoals:1 | Noticed DemiseSR's ghost (adept DDFi)
 33399 | D:8      | Bought a ration for 70 gold pieces
 33541 | Elf:1    | Entered Level 1 of the Elven Halls
 34226 | Elf:1    | Found Kiphil's Assorted Antiques.
 34647 | Elf:1    | Reached XP level 16. HP: 76/119 MP: 15/25
 35009 | Elf:1    | Found a runed door.
 37132 | Elf:2    | Found a runed gate.
 37132 | Elf:2    | Found a runed gate.
 37132 | Elf:2    | Found a runed gate.
 37750 | Elf:2    | Cast into level 3 of the Abyss (a deep elf sorcerer)
 37750 | Abyss:3  | Found a corrupted altar of Lugonu.
 37772 | Abyss:3  | Found a corrupted altar of Lugonu.
 37824 | Abyss:3  | Noticed a tentacled starspawn
 37870 | Abyss:3  | Found a sparkling altar of Nemelex Xobeh.
 37885 | Abyss:3  | Found a sparkling altar of Nemelex Xobeh.
 37975 | Abyss:3  | Noticed a tentacled starspawn
 38019 | Abyss:3  | Noticed a bone dragon
 38059 | Abyss:3  | Noticed a tentacled starspawn
 38076 | Abyss:3  | Reached skill level 10 in Evocations
 38236 | Abyss:3  | Noticed a tentacled starspawn
 38239 | Elf:2    | Escaped the Abyss
 38425 | Elf:2    | Reached skill level 5 in Transmutations
 38683 | Elf:2    | Reached skill level 15 in Unarmed Combat
 38788 | Elf:3    | Entered Level 3 of the Elven Halls
 38898 | Elf:3    | Reached skill level 15 in Fighting
 39093 | Elf:3    | Found Lainkil's Book Shoppe.
 39135 | Elf:3    | Reached XP level 17. HP: 115/127 MP: 9/26
 39317 | Elf:3    | Cast into level 3 of the Abyss (a deep elf sorcerer)
 39347 | Abyss:3  | Noticed a tentacled starspawn
 39357 | Elf:3    | Escaped the Abyss
 40379 | D:8      | Bought a ration for 70 gold pieces
 40379 | D:8      | Bought a ration for 70 gold pieces
 40379 | D:8      | Bought a ration for 70 gold pieces
 40379 | D:8      | Bought a ration for 70 gold pieces
 40379 | D:8      | Bought a ration for 70 gold pieces
 40553 | D:14     | Learned a level 4 spell: Ice Form
 40561 | D:15     | Entered Level 15 of the Dungeon
 40570 | D:15     | Learned a level 4 spell: Passage of Golubria
 40778 | D:15     | Found a staircase to the Depths.
 41374 | D:15     | Noticed Blork the orc
 42291 | Spider:1 | HP: 5/152 [demonic crawler (8)]
 42291 | Spider:1 | HP: 2/152 [demonic crawler (3)]
 42878 | Spider:1 | Learned a level 3 spell: Regeneration
 42881 | Spider:1 | Learned a level 2 spell: Shroud of Golubria
 43511 | D:8      | Bought the amulet of the Four Winds {rN+ MR+++ Clar} for 482 gold pieces
 43511 | D:8      | Found the amulet of the Four Winds {rN+ MR+++ Clar}
 43654 | Spider:2 | Noticed Nikola
 44306 | Spider:2 | Noticed Azrael
 44357 | Spider:2 | Killed Azrael
 45308 | Elf:3    | Bought a book of Cantrips for 300 gold pieces
 45310 | Elf:3    | Learned a level 1 spell: Confusing Touch
 45330 | Elf:3    | Noticed a deep elf blademaster
 45979 | Shoals:1 | Found a transporter.
 46736 | Spider:3 | Reached skill level 1 in Necromancy
 46818 | Spider:3 | Reached skill level 10 in Dodging
 47206 | Spider:3 | Reached XP level 18. HP: 135/135 MP: 13/27
 47620 | Spider:3 | Upgraded the game from 0.22-a0-467-g5c5de1c to 0.22-a0-469-gf26638a
 47803 | Spider:4 | Entered Level 4 of the Spider Nest
 49696 | Spider:4 | Reached skill level 5 in Necromancy
 50867 | Spider:4 | Got a gossamer rune of Zot
 51138 | D:8      | Bought a ration for 70 gold pieces
 51138 | D:8      | Bought a ration for 70 gold pieces
 51493 | D:14     | Found a gate to the Vaults.
 51500 | Vaults:1 | Entered Level 1 of the Vaults
 52337 | D:14     | Reached XP level 19. HP: 128/143 MP: 29/29
 52562 | D:15     | Killed Blork the orc
 52567 | D:15     | Found a deep blue altar of Sif Muna.
 52720 | Depths:1 | Entered Level 1 of the Depths
 52853 | Depths:1 | Found a portal to a secret trove of treasure.
 52921 | Depths:1 | Found Gozag's Antique Armour Shoppe.
 52945 | Depths:1 | Found an opulent altar of Gozag.
 52945 | Depths:1 | Noticed a golden dragon
 53058 | Depths:1 | Found Gozag's Assorted Antiques.
 53119 | Depths:1 | Hit by a large rock thrown by a stone giant

Vault maps used:
D:1:      minmay_arrival_split_and_join, minmay_misc_feat_tiny, eino_curves_02
D:2:      grunt_temple_overflow_growth_and_decay
D:3:      gammafunk_temple_overflow_pools, uniq_terence
D:4:      minmay_temple_entry_grid, first_ration, uniq_edmund
D:5:      nicolae_overflow_crystal_walls
D:6:      serial_shops, nicolae_shop_competitors_out_of_business,
          nicolae_good_shop, uniq_eustachio, uniq_duvessa
D:7:      slow_altar_2, grunt_ogre_cave, uniq_pikel
D:8:      erik_lair_island, supply_closet_lemuel
D:10:     minmay_the_grid_square_5x5_4x4, kennysheep_generic_room_4,
          uniq_erolcha
D:11:     lemuel_bear_cage, basic_altar, minmay_shop_grid_forest, uniq_harold
D:12:     minmay_expanding_circles, erik_orc_3, grunt_ministairs_6,
          hangedman_misty_isle
D:13:     kennysheep_generic_room_11, uniq_snorg
D:14:     kennysheep_four_of_diamonds, david_vaults_4, minmay_tree_intersection
D:15:     hangedman_depths_entry_try_elsewhere_first, minmay_door_square,
          tgw_sif
Temple:   lightli_temple_of_artemis
Lair:1:   uniq_nergalle
Lair:2:   basic_altar, infiniplex_staircase_pool_2
Lair:3:   elwin_shoals_entry_stream, nicolae_spider_entry_tight_spaces
Lair:5:   minmay_slime_entry_jelly_boxes, grunt_megastairs_2
Lair:6:   minmay_lair_end_frog_pond, uniq_nessos, uniq_rupert
Shoals:1: gammafunk_its_a_trap, st_shoals_ruin
Shoals:2: serial_shops, shop_coins
Spider:2: uniq_azrael, uniq_nikola
Spider:4: grunt_spider_rune_circles
Orc:1:    cheibrodos_orc_guarddog
Orc:2:    kennysheep_orc_mage_school, basic_altar
Elf:1:    serial_shops, shop, evilmike_minifort, grunt_ministairs_13,
          minivault_13
Elf:3:    minmay_elf_hall_furrowed, serial_shops, shop
Vaults:1: ontoclasm_vaults_ring_small, v_misc_14, ontoclasm_vaults_twist,
          vaults_dpeg_diagonal, v_misc_30, vaults_room_semicircle,
          ontoclasm_vaults_chip, serial_shops, nicolae_shop_behind_doors
Depths:1: kennysheep_gozag_temple, serial_shops, bzr_entry_customers,
          hell_entry, roderic_three_in_a_row, enter_trove_6,
          serial_column_ruins, column_ruins_hut_ruined,
          column_ruins_columns_corner, column_ruins_grid_1,
          column_ruins_corridor_straight, column_ruins_corridor_dead_end,
          kennysheep_generic_room_10
Abyss:3:  evilmike_abyss_rune_tso_outpost, grunt_abyss_rune_forest_and_sorcery,
          hangedman_shadowy_showcase

Skill      XL: |  1  2  3  4  5  6  7  8  9 10 11 12 13 14 15 16 17 18 19 |
---------------+----------------------------------------------------------+-----
Fighting       | 1 2 3 4 5 7 8 10 11 12 13 14 15 16 17 | 17.1
Dodging        | 1 2 3 4 5 7 8 10 11 12 | 12.0
Unarmed Combat | 1 2 3 4 5 7 8 10 11 12 13 14 15 16 17 | 17.1
Poison Magic   | 2 3 4 5 6 8 |  8.0
Shields        | 2 4 6 8 9 10 | 10.0
Bows           | 7 10 12 13 14 | 14.0
Evocations     | 5 8 10 | 10.0
Transmutations | 3 5 7 |  7.0
Necromancy     | 2 5 |  5.3
Spellcasting   | 8 |  8.2
Stealth        | |  1.3
Ice Magic      | |  1.0

Action                   |  1- 3 |  4- 6 |  7- 9 | 10-12 | 13-15 | 16-18 | 19-21 || total
-------------------------+-------+-------+-------+-------+-------+-------+-------++-------
Melee: Unarmed           |    52 |    40 |   111 |   283 |   718 |  1022 |   114 ||  2340
       Tentacles         |    12 |     9 |    29 |    89 |   232 |   203 |     3 ||   577
       Constrict         |    13 |    10 |    21 |    46 |   120 |   139 |     1 ||   350
       Punch             |       |     1 |     8 |    38 |   102 |   114 |     5 ||   268
       Kick              |       |       |       |       |    47 |   319 |     9 ||   375
 Fire: Shortbow          |       |       |       |       |   334 |    19 |       ||   353
Throw: Javelin           |       |     1 |     9 |     3 |     7 |     5 |       ||    25
       Tomahawk          |       |       |       |     4 |       |       |       ||     4
 Cast: Poisonous Vapours |    20 |    81 |   118 |   249 |   416 |   475 |    15 ||  1374
       Summon Butterflie |       |       |     4 |     7 |    14 |    20 |       ||    45
       Olgreb's Toxic Ra |       |       |     9 |    20 |    67 |    57 |       ||   153
       Mephitic Cloud    |       |       |       |       |     2 |     8 |       ||    10
       Alistair's Intoxi |       |       |       |       |     1 |     9 |       ||    10
       Apportation       |       |       |       |       |     1 |     8 |     1 ||    10
       Swiftness         |       |       |       |       |       |     1 |       ||     1
       Regeneration      |       |       |       |       |       |    90 |    16 ||   106
       Ice Form          |       |       |       |       |       |    44 |     4 ||    48
       Shroud of Golubri |       |       |       |       |       |    43 |     7 ||    50
       Confusing Touch   |       |       |       |       |       |    24 |     8 ||    32
Invok: Potion Petition   |       |       |       |     4 |     3 |     7 |     1 ||    15
       Call Merchant     |       |       |       |       |     3 |       |       ||     3
 Abil: Blink             |       |       |       |       |       |    11 |       ||    11
Evoke: Wand              |       |       |       |     3 |    12 |     4 |       ||    19
  Use: Scroll            |       |     2 |     4 |    11 |    20 |    12 |     1 ||    50
       Potion            |       |       |     5 |     4 |    10 |    21 |       ||    40
 Stab: Sleeping          |     8 |       |     1 |     3 |    15 |    18 |       ||    45
       Distracted        |       |       |       |     5 |     7 |    11 |     1 ||    24
       Invisible         |       |       |       |     2 |    12 |       |       ||    14
       Paralysed         |       |       |       |       |     7 |       |       ||     7
       Confused          |       |       |       |       |     2 |    28 |     8 ||    38
  Eat: Chunk             |     1 |     9 |     1 |       |       |       |       ||    11
       Ration            |       |       |     5 |    11 |    21 |    25 |     1 ||    63
Armor: Skin              |     5 |     1 |     6 |     8 |    33 |   133 |     7 ||   193
Dodge: Dodged            |    37 |    34 |   101 |   293 |   614 |  1339 |    77 ||  2495
Block: Buckler           |       |       |       |   111 |    64 |       |       ||   175
       Reflection        |       |       |       |    21 |     1 |     5 |       ||    27
       Other             |       |       |       |       |    38 |    43 |     1 ||    82

Table legend:
 A = Spawn XP
 B = Non-spawn XP
 C = Spawn XP percentage of total XP
 D = Spawn monster count
 E = Non-spawn monster count
 F = Spawn count percentage of total count
 G = Total turns spent on level
                    A         B        C        D         E        F      G
               +---------+---------+-------+---------+---------+-------+---------
         Total |    2046 |  340325 |   0.6 |       7 |    1156 |   0.6 | 53119
               +---------+---------+-------+---------+---------+-------+---------
           D:1 |       0 |      55 |   0.0 |       0 |      26 |   0.0 |   946
           D:2 |       0 |     111 |   0.0 |       0 |      30 |   0.0 |  1306
           D:3 |       0 |     194 |   0.0 |       0 |      31 |   0.0 |   917
           D:4 |       0 |     614 |   0.0 |       0 |      26 |   0.0 |  1347
           D:5 |       0 |     426 |   0.0 |       0 |      11 |   0.0 |  1364
           D:6 |       0 |    1265 |   0.0 |       0 |      29 |   0.0 |  1411
           D:7 |       0 |    1262 |   0.0 |       0 |      16 |   0.0 |   892
           D:8 |       0 |    4401 |   0.0 |       0 |      24 |   0.0 |  2261
           D:9 |       0 |    1911 |   0.0 |       0 |      18 |   0.0 |  2636
          D:10 |       0 |   11129 |   0.0 |       0 |      40 |   0.0 |  2402
          D:11 |       0 |    4297 |   0.0 |       0 |      24 |   0.0 |  1324
          D:12 |       0 |    5957 |   0.0 |       0 |      52 |   0.0 |  2063
          D:13 |       0 |   11623 |   0.0 |       0 |      38 |   0.0 |  2253
          D:14 |       0 |   23731 |   0.0 |       0 |      51 |   0.0 |  1994
          D:15 |       0 |   13266 |   0.0 |       0 |      31 |   0.0 |  1816
        Lair:1 |       0 |    7085 |   0.0 |       0 |      26 |   0.0 |  1782
        Lair:2 |       0 |    5637 |   0.0 |       0 |      25 |   0.0 |   982
        Lair:3 |       0 |   10635 |   0.0 |       0 |      38 |   0.0 |  3208
        Lair:4 |       0 |    4236 |   0.0 |       0 |      20 |   0.0 |  1029
        Lair:5 |       0 |    5782 |   0.0 |       0 |      38 |   0.0 |  2224
        Lair:6 |       0 |   14376 |   0.0 |       0 |      53 |   0.0 |  1471
      Shoals:1 |       0 |    8110 |   0.0 |       0 |      15 |   0.0 |   916
      Spider:1 |       0 |   18754 |   0.0 |       0 |      49 |   0.0 |  1315
      Spider:2 |       0 |   12453 |   0.0 |       0 |      41 |   0.0 |  1090
      Spider:3 |       0 |   21434 |   0.0 |       0 |      59 |   0.0 |  1687
      Spider:4 |       0 |   44963 |   0.0 |       0 |     110 |   0.0 |  2599
         Orc:1 |       0 |    1646 |   0.0 |       0 |      16 |   0.0 |   835
         Orc:2 |       0 |   12648 |   0.0 |       0 |      76 |   0.0 |  2207
         Elf:1 |       0 |   40547 |   0.0 |       0 |      72 |   0.0 |  2893
         Elf:2 |       0 |   21036 |   0.0 |       0 |      32 |   0.0 |  2258
         Elf:3 |       0 |    6753 |   0.0 |       0 |      11 |   0.0 |   742
      Depths:1 |       0 |   22450 |   0.0 |       0 |      23 |   0.0 |   302
       Abyss:3 |    2046 |    1538 |  57.1 |       7 |       5 |  58.3 |   529
               +---------+---------+-------+---------+---------+-------+---------
